Workbook
Name Date\Labels: OFFSET(#REF!,,,COUNTA(#REF!))
Name Date_Selection: OFFSET(#REF!,,,COUNTA(#REF!))

Sheet Measures that Matter
N10: OPERATIONS | Z10: CLIENT
C12: REVENUE vs BUD (USD $'000's) | N12: % accuracy of test link to client (AU) | Z12: CLIENT SATISFACTION RESULTS (YTD)
H14: Select a BU
H15: Total APAC
N26: PANEL PARTNER OUTSOURCING YTD (USD $'000's)
T28: Select a BU
T29: Total APAC
C38: SALES vs BUD (USD $'000's)
H40: Select a BU
H41: Total APAC
N53: BUSINESS VOLUME BY SERVICE TYPE (MTD)
C63: OP GAUGE (YTD Achieved vs BUD)
Z70: PANEL
N73: OPERATIONS
AA75: Select a panel (size) | AC75: Select a panel (Responders)
AA76: Global Panel Size | AC76: GLOBAL RESPONDERS
C85: APAC BAD DEBTS vs Prior Month (USD $'000's)
N89: OPERATIONS
C99: APAC BAD DEBTS vs Prior Month (USD $'000's) | Z99: APAC BAD DEBTS vs Prior Month (USD $'000's)
AB103: Budget/Prior month result achieved/exceeded
AB104: Adverse variance (between 1% & 10%) to the budget/prior month.
AB105: >10% adverse variance to the budget/prior month.

Sheet Financial
A1: REVENUE:
A2: 1 | B2: 2 | C2: 3 | D2: 4
B3: MTD Variance | C3: YTD Variance | D3: FY Q2RF
A4: =INDEX($A$9:$C$19,$B$6,A2) -> Total APAC | B4: =INDEX($A$9:$C$19,$B$6,B2) -> 609 | C4: =INDEX($A$9:$C$19,$B$6,C2) -> 803.88 | D4: =INDEX($A$9:$D$19,$B$6,D2) -> 133.98
A6: Selected Row | B6: =MATCH('Measures that Matter'!$H$15,Financial!A9:A19,0) -> 11
A7: Column1 | B7: Column2 | C7: Column3 | D7: Column4
B8: MTD Variance | C8: YTD Variance
A9: AU Kantar | B9: 65 | C9: =Table2[[#This Row],[Column2]]*1.32 -> 85.8 | D9: =Table2[[#This Row],[Column3]]/6 -> 14.3
A10: AU Marcorp | B10: 81 | C10: =Table2[[#This Row],[Column2]]*1.32 -> 106.92 | D10: =Table2[[#This Row],[Column3]]/6 -> 17.82
A11: Japan | B11: 51 | C11: =Table2[[#This Row],[Column2]]*1.32 -> 67.32 | D11: =Table2[[#This Row],[Column3]]/6 -> 11.22
A12: Korea | B12: 12 | C12: =Table2[[#This Row],[Column2]]*1.32 -> 15.84 | D12: =Table2[[#This Row],[Column3]]/6 -> 2.64
A13: HK Kantar | B13: 100 | C13: =Table2[[#This Row],[Column2]]*1.32 -> 132 | D13: =Table2[[#This Row],[Column3]]/6 -> 22
A14: HK Marcorp | B14: 60 | C14: =Table2[[#This Row],[Column2]]*1.32 -> 79.2 | D14: =Table2[[#This Row],[Column3]]/6 -> 13.2
A15: Singapore Kantar | B15: 60 | C15: =Table2[[#This Row],[Column2]]*1.32 -> 79.2 | D15: =Table2[[#This Row],[Column3]]/6 -> 13.2
A16: Singapore Marcorp | B16: 60 | C16: =Table2[[#This Row],[Column2]]*1.32 -> 79.2 | D16: =Table2[[#This Row],[Column3]]/6 -> 13.2
A17: CN Kantar | B17: 60 | C17: =Table2[[#This Row],[Column2]]*1.32 -> 79.2 | D17: =Table2[[#This Row],[Column3]]/6 -> 13.2
A18: CN Marcorp | B18: 60 | C18: =Table2[[#This Row],[Column2]]*1.32 -> 79.2 | D18: =Table2[[#This Row],[Column3]]/6 -> 13.2
A19: Total APAC | B19: =SUM(B9:B18) -> 609 | C19: =SUM(C9:C18) -> 803.88 | D19: =Table2[[#This Row],[Column3]]/6 -> 133.98
A21: SALES %'AGE ACHIEVEMENT TO BUD:
A22: 1 | B22: 2 | C22: 3 | D22: 4
B23: MTD Variance | C23: YTD Variance | D23: FY QRF
A24: =INDEX($A$29:$C$39,$B$26,A22) -> Total APAC | B24: =INDEX($A$29:$C$39,$B$26,B22) -> 609 | C24: =INDEX($A$29:$C$39,$B$26,C22) -> 803.88 | D24: =INDEX($A$29:$D$39,$B$26,D22) -> 133.98
A26: Selected Row | B26: =MATCH('Measures that Matter'!$H$41,Financial!A29:A39,0) -> 11
A27: Column1 | B27: Column2 | C27: Column3 | D27: Column4
B28: MTD | C28: YTD
A29: AU Kantar | B29: 65 | C29: 85.8 | D29: 14.3
A30: AU Marcorp | B30: 81 | C30: 106.92 | D30: 17.82
A31: Japan | B31: 51 | C31: 67.32 | D31: 11.22
A32: Korea | B32: 12 | C32: 15.84 | D32: 2.64
A33: HK Kantar | B33: 100 | C33: 132 | D33: 22
A34: HK Marcorp | B34: 60 | C34: 79.2 | D34: 13.2
A35: Singapore Kantar | B35: 60 | C35: 79.2 | D35: 13.2
A36: Singapore Marcorp | B36: 60 | C36: 79.2 | D36: 13.2
A37: CN Kantar | B37: 60 | C37: 79.2 | D37: 13.2
A38: CN Marcorp | B38: 60 | C38: 79.2 | D38: 13.2
A39: Total APAC | B39: 609 | C39: 803.88 | D39: 133.98
A44: OP:
A46: Speedometer | B46: Pointer
A47: =50/3 -> 16.666667 | B47: 38
A48: =50/3 -> 16.666667 | B48: 20
A49: =50/3 -> 16.666667 | B49: 1500
A50: 50

Sheet Ops
A1: Insourcing vs Outsourcing:
A4: FS,SO,OTHER SPLIT:
A5: Column1 | B5: Jan-14 | C5: Feb-14 | D5: Mar-14 | E5: Apr-14 | F5: May-14 | G5: Jun-14 | H5: Jul-14 | I5: Aug-14 | J5: Sep-14 | K5: Oct-14 | L5: Nov-14 | M5: Dec-14
A6: Mobile | B6: 0 | C6: 0 | D6: 8.5978675 | E6: 2.8992
A7: YTD Outsourcing
A9: 1 | B9: 2 | C9: 3 | D9: 4 | E9: 5 | F9: 6 | G9: 7 | H9: 8 | I9: 9 | J9: 10 | K9: 11 | L9: 12 | M9: 13 | N9: 14
B10: 41426 | C10: 41456 | D10: 41487 | E10: 41518 | F10: 41548 | G10: 41579 | H10: 41609 | I10: 41640 | J10: 41671 | K10: 41699 | L10: 41730 | M10: 41760 | N10: 41791
A11: =INDEX(Table1[],$B$13,A9) -> Total APAC | B11: =INDEX(Table1[],$B$13,B9) -> 276.32932 | C11: =INDEX(Table1[],$B$13,C9) -> 110.21599 | D11: =INDEX(Table1[],$B$13,D9) -> 96.895298 | E11: =INDEX(Table1[],$B$13,E9) -> 144.74745 | F11: =INDEX(Table1[],$B$13,F9) -> 135.39915 | G11: =INDEX(Table1[],$B$13,G9) -> 109.54889 | H11: =INDEX(Table1[],$B$13,H9) -> 103.77113 | ... N11: =INDEX(Table1[],$B$13,N9) -> 17.287077
A13: Selected Row | B13: =MATCH('Measures that Matter'!$T$29,Table1[Column1],0) -> 9
A15: Column1 | B15: Jun-13 | C15: Jul-13 | D15: Aug-13 | E15: Sep-13 | F15: Oct-13 | G15: Nov-13 | H15: Dec-13 | I15: Jan-14 | J15: Feb-14 | K15: Mar-14 | L15: Apr-14 | M15: May-14 | N15: Jun-14
A16: AU Kantar | B16: 234.87998 | C16: 93.683611 | D16: 82.361024 | E16: 123.03536 | F16: 115.08931 | G16: 93.116581 | H16: 88.205486 | I16: 97.879077 | J16: 56.502665 | K16: 54.014729 | L16: 30.419977 | M16: 101.29182 | N16: 14.694019
A17: AU Marcorp | B17: =B16*0.15 -> 35.231997 | C17: =C16*0.15 -> 14.052542 | D17: =D16*0.15 -> 12.354154 | E17: =E16*0.15 -> 18.455305 | F17: =F16*0.15 -> 17.263396 | G17: =G16*0.15 -> 13.967487 | H17: =H16*0.15 -> 13.230823 | I17: =I16*0.15 -> 14.681861 | ... N17: =N16*0.15 -> 2.2041028
A18: China | B18: =B17*0.15 -> 5.2847996 | C18: =C17*0.15 -> 2.1078813 | D18: =D17*0.15 -> 1.853123 | E18: =E17*0.15 -> 2.7682957 | F18: =F17*0.15 -> 2.5895094 | G18: =G17*0.15 -> 2.0951231 | H18: =H17*0.15 -> 1.9846234 | I18: =I17*0.15 -> 2.2022792 | ... N18: =N17*0.15 -> 0.33061542
A19: HK Kantar | B19: =B18*0.15 -> 0.79271994 | C19: =C18*0.15 -> 0.31618219 | D19: =D18*0.15 -> 0.27796846 | E19: =E18*0.15 -> 0.41524436 | F19: =F18*0.15 -> 0.38842641 | G19: =G18*0.15 -> 0.31426846 | H19: =H18*0.15 -> 0.29769351 | I19: =I18*0.15 -> 0.33034188 | ... N19: =N18*0.15 -> 0.049592314
A20: HK Marcorp | B20: =B19*0.15 -> 0.11890799 | C20: =C19*0.15 -> 0.047427328 | D20: =D19*0.15 -> 0.041695268 | E20: =E19*0.15 -> 0.062286653 | F20: =F19*0.15 -> 0.058263962 | G20: =G19*0.15 -> 0.047140269 | H20: =H19*0.15 -> 0.044654027 | I20: =I19*0.15 -> 0.049551283 | ... N20: =N19*0.15 -> 0.0074388471
A21: Japan | B21: =B20*0.15 -> 0.017836199 | C21: =C20*0.15 -> 0.0071140992 | D21: =D20*0.15 -> 0.0062542903 | E21: =E20*0.15 -> 0.009342998 | F21: =F20*0.15 -> 0.0087395943 | G21: =G20*0.15 -> 0.0070710403 | H21: =H20*0.15 -> 0.0066981041 | I21: =I20*0.15 -> 0.0074326924 | ... N21: =N20*0.15 -> 0.0011158271
A22: Korea | B22: =B21*0.15 -> 0.0026754298 | C22: =C21*0.15 -> 0.0010671149 | D22: =D21*0.15 -> 0.00093814354 | E22: =E21*0.15 -> 0.0014014497 | F22: =F21*0.15 -> 0.0013109391 | G22: =G21*0.15 -> 0.0010606561 | H22: =H21*0.15 -> 0.0010047156 | I22: =I21*0.15 -> 0.0011149039 | ... N22: =N21*0.15 -> 0.00016737406
A23: Singapore | B23: =B22*0.15 -> 0.00040131447 | C23: =C22*0.15 -> 0.00016006723 | D23: =D22*0.15 -> 0.00014072153 | E23: =E22*0.15 -> 0.00021021745 | F23: =F22*0.15 -> 0.00019664087 | G23: =G22*0.15 -> 0.00015909841 | H23: =H22*0.15 -> 0.00015070734 | I23: =I22*0.15 -> 0.00016723558 | ... N23: =N22*0.15 -> 2.5106109e-05
A24: Total APAC | B24: =SUM(B16:B23) -> 276.32932 | C24: =SUM(C16:C23) -> 110.21599 | D24: =SUM(D16:D23) -> 96.895298 | E24: =SUM(E16:E23) -> 144.74745 | F24: =SUM(F16:F23) -> 135.39915 | G24: =SUM(G16:G23) -> 109.54889 | H24: =SUM(H16:H23) -> 103.77113 | I24: =SUM(I16:I23) -> 115.15183 | ... N24: =SUM(N16:N23) -> 17.287077

Sheet Talent
B1: Open Heads | C1: Heads Recruited during month | D1: %'age filled
A2: Jan YTD | B2: 10 | C2: 2 | D2: =C2/B2 -> 0.2
A3: Feb YTD | B3: 10 | C3: 2 | D3: =C3/B3 -> 0.2
A4: Mar YTD | B4: 10 | C4: 2 | D4: =C4/B4 -> 0.2
A5: Apr YTD | B5: 10 | C5: 2 | D5: =C5/B5 -> 0.2
A6: May YTD | B6: 10 | C6: 2 | D6: =C6/B6 -> 0.2
A7: Jun YTD | B7: 10 | C7: 5 | D7: =C7/B7 -> 0.5
A8: Jul YTD | B8: 10 | C8: 2 | D8: =C8/B8 -> 0.2
A9: Aug YTD | B9: 10 | C9: 2 | D9: =C9/B9 -> 0.2
A10: Sep YTD | B10: 10 | C10: 2 | D10: =C10/B10 -> 0.2
A11: Oct YTD | B11: 10 | C11: 8 | D11: =C11/B11 -> 0.8
A12: Nov YTD | B12: 10 | C12: 2 | D12: =C12/B12 -> 0.2
A13: Dec YTD | B13: 10 | C13: 2 | D13: =C13/B13 -> 0.2
B15: APAC 12 month rolling churn rate: 21%
G16: Leavers | H16: 26
G17: Average employees | H17: =(115+127)/2 -> 121
H18: =H16/H17 -> 0.21487603
B25: AVG AL DAYS
A26: 41640 | B26: 13.73
A27: 41671 | B27: 13.88
A28: 41699 | B28: 14.78
A29: 41730 | B29: 14.94
A30: 41760 | B30: 14.68
A31: 41791 | B31: 14.36

Sheet Panel
A1: Panel Size
A3: 1 | B3: 2 | C3: 3 | D3: 4 | E3: 5 | F3: 6 | G3: 7 | H3: 8 | I3: 9 | J3: 10 | K3: 11 | L3: 12 | M3: 13
B4: 41456 | C4: 41487 | D4: 41518 | E4: 41548 | F4: 41579 | G4: 41609 | H4: 41640 | I4: 41671 | J4: 41699 | K4: 41730 | L4: 41760 | M4: 41791
A5: =INDEX($A$10:$M$21,$B$7,A3) -> Global Panel Size | B5: =INDEX($A$10:$M$21,$B$7,B3) -> 763.455 | C5: =INDEX($A$10:$M$21,$B$7,C3) -> 763.455 | D5: =INDEX($A$10:$M$21,$B$7,D3) -> 763.455 | E5: =INDEX($A$10:$M$21,$B$7,E3) -> 763.455 | F5: =INDEX($A$10:$M$21,$B$7,F3) -> 763.455 | G5: =INDEX($A$10:$M$21,$B$7,G3) -> 763.455 | H5: =INDEX($A$10:$M$21,$B$7,H3) -> 763.455 | ... M5: =INDEX($A$10:$M$21,$B$7,M3) -> 763.455
A7: Selected Row | B7: =MATCH('Measures that Matter'!AA76,Panel!A10:A21,0) -> 12
A8: Column1 | B8: Column2 | C8: Column3 | D8: Column4 | E8: Column5 | F8: Column6 | G8: Column7 | H8: Column8 | I8: Column9 | J8: Column10 | K8: Column11 | L8: Column12 | M8: Column13
B9: 41456 | C9: 41487 | D9: 41518 | E9: 41548 | F9: 41579 | G9: 41609 | H9: 41640 | I9: 41671 | J9: 41699 | K9: 41730 | L9: 41760 | M9: 41791
A10: AUSTRALIA PANEL SIZEMySurvey | B10: 69.405 | C10: 69.405 | D10: 69.405 | E10: 69.405 | F10: 69.405 | G10: 69.405 | H10: 69.405 | I10: 69.405 | J10: 69.405 | K10: 69.405 | L10: 69.405 | M10: 69.405
A11: AUSTRALIA PANEL SIZEGTM | B11: 69.405 | C11: 69.405 | D11: 69.405 | E11: 69.405 | F11: 69.405 | G11: 69.405 | H11: 69.405 | I11: 69.405 | J11: 69.405 | K11: 69.405 | L11: 69.405 | M11: 69.405
A12: HONG KONG PANEL SIZEMySurvey | B12: 69.405 | C12: 69.405 | D12: 69.405 | E12: 69.405 | F12: 69.405 | G12: 69.405 | H12: 69.405 | I12: 69.405 | J12: 69.405 | K12: 69.405 | L12: 69.405 | M12: 69.405
A13: HONG KONG PANEL SIZEGTM | B13: 69.405 | C13: 69.405 | D13: 69.405 | E13: 69.405 | F13: 69.405 | G13: 69.405 | H13: 69.405 | I13: 69.405 | J13: 69.405 | K13: 69.405 | L13: 69.405 | M13: 69.405
A14: CHINA PANEL SIZEGTM | B14: 69.405 | C14: 69.405 | D14: 69.405 | E14: 69.405 | F14: 69.405 | G14: 69.405 | H14: 69.405 | I14: 69.405 | J14: 69.405 | K14: 69.405 | L14: 69.405 | M14: 69.405
A15: SINGAPORE PANEL SIZEMySurvey | B15: 69.405 | C15: 69.405 | D15: 69.405 | E15: 69.405 | F15: 69.405 | G15: 69.405 | H15: 69.405 | I15: 69.405 | J15: 69.405 | K15: 69.405 | L15: 69.405 | M15: 69.405
A16: SINGAPORE PANEL SIZEGTM | B16: 69.405 | C16: 69.405 | D16: 69.405 | E16: 69.405 | F16: 69.405 | G16: 69.405 | H16: 69.405 | I16: 69.405 | J16: 69.405 | K16: 69.405 | L16: 69.405 | M16: 69.405
A17: USA PANEL SIZEMySurvey | B17: 69.405 | C17: 69.405 | D17: 69.405 | E17: 69.405 | F17: 69.405 | G17: 69.405 | H17: 69.405 | I17: 69.405 | J17: 69.405 | K17: 69.405 | L17: 69.405 | M17: 69.405
A18: USA PANEL SIZEGTM | B18: 69.405 | C18: 69.405 | D18: 69.405 | E18: 69.405 | F18: 69.405 | G18: 69.405 | H18: 69.405 | I18: 69.405 | J18: 69.405 | K18: 69.405 | L18: 69.405 | M18: 69.405
A19: UK PANEL SIZEMySurvey | B19: 69.405 | C19: 69.405 | D19: 69.405 | E19: 69.405 | F19: 69.405 | G19: 69.405 | H19: 69.405 | I19: 69.405 | J19: 69.405 | K19: 69.405 | L19: 69.405 | M19: 69.405
A20: UK PANEL SIZEGTM | B20: 69.405 | C20: 69.405 | D20: 69.405 | E20: 69.405 | F20: 69.405 | G20: 69.405 | H20: 69.405 | I20: 69.405 | J20: 69.405 | K20: 69.405 | L20: 69.405 | M20: 69.405
A21: Global Panel Size | B21: =SUM(B10:B20) -> 763.455 | C21: =SUM(C10:C20) -> 763.455 | D21: =SUM(D10:D20) -> 763.455 | E21: =SUM(E10:E20) -> 763.455 | F21: =SUM(F10:F20) -> 763.455 | G21: =SUM(G10:G20) -> 763.455 | H21: =SUM(H10:H20) -> 763.455 | I21: =SUM(I10:I20) -> 763.455 | ... M21: =SUM(M10:M20) -> 763.455
A22: 1 | B22: 2 | C22: 3 | D22: 4 | E22: 5 | F22: 6 | G22: 7 | H22: 8 | I22: 9 | J22: 10 | K22: 11 | L22: 12 | M22: 13
B23: 41456 | C23: 41487 | D23: 41518 | E23: 41548 | F23: 41579 | G23: 41609 | H23: 41640 | I23: 41671 | J23: 41699 | K23: 41730 | L23: 41760 | M23: 41791
A24: =INDEX($A$29:$M$40,$B$26,A22) -> GLOBAL RESPONDERS | B24: =INDEX($A$29:$M$40,$B$26,B22) -> 381.7275 | C24: =INDEX($A$29:$M$40,$B$26,C22) -> 381.7275 | D24: =INDEX($A$29:$M$40,$B$26,D22) -> 381.7275 | E24: =INDEX($A$29:$M$40,$B$26,E22) -> 381.7275 | F24: =INDEX($A$29:$M$40,$B$26,F22) -> 381.7275 | G24: =INDEX($A$29:$M$40,$B$26,G22) -> 381.7275 | H24: =INDEX($A$29:$M$40,$B$26,H22) -> 381.7275 | ... M24: =INDEX($A$29:$M$40,$B$26,M22) -> 381.7275
A26: Selected Row | B26: =MATCH('Measures that Matter'!AC76,Panel!A29:A40,0) -> 12
A27: Column1 | B27: Column2 | C27: Column3 | D27: Column4 | E27: Column5 | F27: Column6 | G27: Column7 | H27: Column8 | I27: Column9 | J27: Column10 | K27: Column11 | L27: Column12 | M27: Column13
B28: 41456 | C28: 41487 | D28: 41518 | E28: 41548 | F28: 41579 | G28: 41609 | H28: 41640 | I28: 41671 | J28: 41699 | K28: 41730 | L28: 41760 | M28: 41791
A29: AUSTRALIA RESPONDERSMySurvey | B29: =B10/2 -> 34.7025 | C29: =C10/2 -> 34.7025 | D29: =D10/2 -> 34.7025 | E29: =E10/2 -> 34.7025 | F29: =F10/2 -> 34.7025 | G29: =G10/2 -> 34.7025 | H29: =H10/2 -> 34.7025 | I29: =I10/2 -> 34.7025 | ... M29: =M10/2 -> 34.7025
A30: AUSTRALIA RESPONDERS GTM | B30: =B11/2 -> 34.7025 | C30: =C11/2 -> 34.7025 | D30: =D11/2 -> 34.7025 | E30: =E11/2 -> 34.7025 | F30: =F11/2 -> 34.7025 | G30: =G11/2 -> 34.7025 | H30: =H11/2 -> 34.7025 | I30: =I11/2 -> 34.7025 | ... M30: =M11/2 -> 34.7025
A31: HONG KONG RESPONDERS MySurvey | B31: =B12/2 -> 34.7025 | C31: =C12/2 -> 34.7025 | D31: =D12/2 -> 34.7025 | E31: =E12/2 -> 34.7025 | F31: =F12/2 -> 34.7025 | G31: =G12/2 -> 34.7025 | H31: =H12/2 -> 34.7025 | I31: =I12/2 -> 34.7025 | ... M31: =M12/2 -> 34.7025
A32: HONG KONG RESPONDERS GTM | B32: =B13/2 -> 34.7025 | C32: =C13/2 -> 34.7025 | D32: =D13/2 -> 34.7025 | E32: =E13/2 -> 34.7025 | F32: =F13/2 -> 34.7025 | G32: =G13/2 -> 34.7025 | H32: =H13/2 -> 34.7025 | I32: =I13/2 -> 34.7025 | ... M32: =M13/2 -> 34.7025
A33: CHINA RESPONDERS GTM | B33: =B14/2 -> 34.7025 | C33: =C14/2 -> 34.7025 | D33: =D14/2 -> 34.7025 | E33: =E14/2 -> 34.7025 | F33: =F14/2 -> 34.7025 | G33: =G14/2 -> 34.7025 | H33: =H14/2 -> 34.7025 | I33: =I14/2 -> 34.7025 | ... M33: =M14/2 -> 34.7025
A34: SINGAPORE RESPONDERS MySurvey | B34: =B15/2 -> 34.7025 | C34: =C15/2 -> 34.7025 | D34: =D15/2 -> 34.7025 | E34: =E15/2 -> 34.7025 | F34: =F15/2 -> 34.7025 | G34: =G15/2 -> 34.7025 | H34: =H15/2 -> 34.7025 | I34: =I15/2 -> 34.7025 | ... M34: =M15/2 -> 34.7025
A35: SINGAPORE RESPONDERS GTM | B35: =B16/2 -> 34.7025 | C35: =C16/2 -> 34.7025 | D35: =D16/2 -> 34.7025 | E35: =E16/2 -> 34.7025 | F35: =F16/2 -> 34.7025 | G35: =G16/2 -> 34.7025 | H35: =H16/2 -> 34.7025 | I35: =I16/2 -> 34.7025 | ... M35: =M16/2 -> 34.7025
A36: USA RESPONDERS MySurvey | B36: =B17/2 -> 34.7025 | C36: =C17/2 -> 34.7025 | D36: =D17/2 -> 34.7025 | E36: =E17/2 -> 34.7025 | F36: =F17/2 -> 34.7025 | G36: =G17/2 -> 34.7025 | H36: =H17/2 -> 34.7025 | I36: =I17/2 -> 34.7025 | ... M36: =M17/2 -> 34.7025
A37: USA RESPONDERS GTM | B37: =B18/2 -> 34.7025 | C37: =C18/2 -> 34.7025 | D37: =D18/2 -> 34.7025 | E37: =E18/2 -> 34.7025 | F37: =F18/2 -> 34.7025 | G37: =G18/2 -> 34.7025 | H37: =H18/2 -> 34.7025 | I37: =I18/2 -> 34.7025 | ... M37: =M18/2 -> 34.7025
A38: UK RESPONDERS MySurvey | B38: =B19/2 -> 34.7025 | C38: =C19/2 -> 34.7025 | D38: =D19/2 -> 34.7025 | E38: =E19/2 -> 34.7025 | F38: =F19/2 -> 34.7025 | G38: =G19/2 -> 34.7025 | H38: =H19/2 -> 34.7025 | I38: =I19/2 -> 34.7025 | ... M38: =M19/2 -> 34.7025
A39: UK RESPONDERS GTM | B39: =B20/2 -> 34.7025 | C39: =C20/2 -> 34.7025 | D39: =D20/2 -> 34.7025 | E39: =E20/2 -> 34.7025 | F39: =F20/2 -> 34.7025 | G39: =G20/2 -> 34.7025 | H39: =H20/2 -> 34.7025 | I39: =I20/2 -> 34.7025 | ... M39: =M20/2 -> 34.7025
A40: GLOBAL RESPONDERS | B40: =B21/2 -> 381.7275 | C40: =C21/2 -> 381.7275 | D40: =D21/2 -> 381.7275 | E40: =E21/2 -> 381.7275 | F40: =F21/2 -> 381.7275 | G40: =G21/2 -> 381.7275 | H40: =H21/2 -> 381.7275 | I40: =I21/2 -> 381.7275 | ... M40: =M21/2 -> 381.7275

Sheet PP Pivot (Actual Spend)
A13: Sum of USD | B13: Column Labels
A14: Row Labels | B14: 41275 | C14: 41306 | D14: 41334 | E14: 41365 | F14: 41395 | G14: 41426 | H14: 41456 | I14: 41487 | J14: 41518 | K14: 41548 | L14: 41579 | M14: 41609 | N14: 41640 | O14: 41671 | P14: 41699 | Q14: 41730 | R14: 41760 | S14: 41791 | T14: Grand Total
A15: AU Kantar | B15: 91586.112 | C15: 78230.199 | D15: 62347.63 | E15: 58507.858 | F15: 156245.5 | G15: 234879.98 | H15: 93683.611 | I15: 82361.024 | J15: 123035.36 | K15: 115089.31 | L15: 93116.581 | M15: 88205.486 | N15: 97879.077 | O15: 56502.665 | P15: 54014.729 | Q15: 30419.977 | R15: 101291.82 | S15: 14694.019 | T15: 1632090.9
A16: AU Marcorp | B16: 48219.886 | C16: 43024.421 | D16: 8453.2389 | E16: 46964.361 | F16: 77492.617 | G16: 36473.161 | H16: 17131.063 | I16: 37862.153 | J16: 44863.259 | K16: 84256.933 | L16: 37002.313 | M16: 36834.578 | N16: 27107.703 | O16: 24966.153 | P16: 49033.838 | Q16: 29590.702 | R16: 57946.887 | S16: 48883.536 | T16: 756106.8
A17: China | B17: 2629.9497 | C17: 636.78392 | D17: 2154.7739 | E17: 1600.804 | F17: 9807.7347 | I17: 654.86633 | J17: 9415.4774 | K17: 6760.7156 | L17: 11571.707 | M17: 8828.0281 | N17: 14722.518 | O17: 6093.0412 | P17: 17347.197 | Q17: 44804.203 | R17: 8653.3516 | S17: 13632.569 | T17: 159313.72
A18: HK Kantar | B18: 148512.68 | C18: 87439.749 | D18: 63401.816 | E18: 59403.54 | F18: 26787.348 | G18: 62526.758 | H18: 34540.006 | I18: 52223.538 | J18: 126566.95 | K18: 24012.548 | L18: 82227.217 | M18: 32403.992 | N18: 72052.209 | O18: 24753.236 | P18: 10487.315 | Q18: 28913.994 | R18: 30313.763 | S18: 22685.382 | T18: 989252.05
A19: HK Marcorp | B19: 54246.486 | C19: 25316.237 | D19: 23674.035 | E19: 13749.143 | F19: 11770.396 | G19: 6498.4102 | H19: 16605.888 | I19: 8752.0614 | J19: 16193.354 | K19: 14702.86 | L19: 17494.685 | M19: 14963.967 | N19: 7833.7997 | O19: 21659.543 | P19: 6353.4618 | Q19: 9125.5821 | R19: 21722.465 | S19: 10205.603 | T19: 300867.98
A20: Japan | B20: 40605.193 | C20: 35413.221 | D20: 14959.634 | E20: 36302.034 | F20: 15216.786 | G20: 4572.4709 | H20: 10432.21 | I20: 11004.965 | J20: 59991.241 | K20: 33238.226 | L20: 21304.942 | M20: 15728.896 | N20: 38759.04 | O20: 14777.966 | P20: 33709.431 | Q20: 35565.632 | R20: 21536.129 | S20: 19667.121 | T20: 462785.14
A21: Korea | B21: 16898.176 | C21: 11367.598 | D21: -4761.2891 | E21: 310.66514 | F21: 28844.699 | G21: 22919.314 | H21: 19870.766 | I21: 2927.8629 | J21: 21108.983 | K21: 7180.1417 | L21: 19997.257 | M21: 14952.448 | N21: 2302.5189 | O21: 460.75429 | P21: 4379.7486 | Q21: 5298.0114 | R21: 62499.85 | S21: 12963.127 | T21: 249520.63
A22: Singapore | B22: 31136.515 | C22: 27414.576 | D22: 13734.672 | E22: 18542.674 | F22: 111108.58 | G22: 21921.048 | H22: 38952.44 | I22: 17810.197 | J22: 41355.64 | K22: 44437.576 | L22: 61140.552 | M22: 23487.04 | N22: 62187.288 | O22: 45682.296 | P22: 26423.944 | Q22: 24462.768 | R22: 43550.12 | S22: 19049.816 | T22: 672397.74
A23: Grand Total | B23: 433835 | C23: 308842.78 | D23: 183964.51 | E23: 235381.08 | F23: 437273.66 | G23: 389791.14 | H23: 231215.98 | I23: 213596.67 | J23: 442530.27 | K23: 329678.31 | L23: 343855.25 | M23: 235404.44 | N23: 322844.15 | O23: 194895.66 | P23: 201749.66 | Q23: 208180.87 | R23: 347514.39 | S23: 161781.17 | T23: 5222335

Sheet PP SPEND
A1: Task | B1: Year | C1: Month | D1: Job No. | E1: Vendor | F1: Reg. CPB incl. Outlays | G1: Purpose | H1: Client Name | I1: Job Name | J1: Month2 | K1: USD | L1: BU
A2: 805 | B2: 2013 | C2: 9 | D2: 93104788 | E2: 9320400 | F2: 3678.32 | G2: LSR-CHINA | H2: TNS NEW ZEALAND | I2: Project China | J2: 41518 | K2: 3363.0354 | L2: AU Kantar
A3: 805 | B3: 2013 | C3: 1 | D3: 93104852 | E3: 9320069 | F3: -500 | G3: LSR-AUSTRALIA | H3: REVIEW PARTNERS OPS1 PTY LTD | I3: Insurance IAG | J3: 41275 | K3: -457.14286 | L3: AU Marcorp
A4: 805 | B4: 2013 | C4: 1 | D4: 93104897 | E4: 9320375 | F4: 219.36 | G4: LSR-AUSTRALIA | H4: MILLWARD BROWN AUSTRALIA | I4: RFQMB10201 Remove Tracker Q4 2010-Q3 2011 | J4: 41275 | K4: 200.55771 | L4: AU Kantar
A5: 805 | B5: 2013 | C5: 2 | D5: 93104897 | E5: 9320375 | F5: 329.04 | G5: LSR-AUSTRALIA | H5: MILLWARD BROWN AUSTRALIA | I5: RFQMB10201 Remove Tracker Q4 2010-Q3 2011 | J5: 41306 | K5: 300.83657 | L5: AU Kantar
A6: 805 | B6: 2013 | C6: 3 | D6: 93104897 | E6: 9320375 | F6: 438.72 | G6: LSR-AUSTRALIA | H6: MILLWARD BROWN AUSTRALIA | I6: RFQMB10201 Remove Tracker Q4 2010-Q3 2011 | J6: 41334 | K6: 401.11543 | L6: AU Kantar
A7: 805 | B7: 2013 | C7: 5 | D7: 93104897 | E7: 9320375 | F7: 548.4 | G7: LSR-AUSTRALIA | H7: MILLWARD BROWN AUSTRALIA | I7: RFQMB10201 Remove Tracker Q4 2010-Q3 2011 | J7: 41395 | K7: 501.39429 | L7: AU Kantar
A8: 805 | B8: 2013 | C8: 1 | D8: 93104968 | E8: 9320375 | F8: 288.6 | G8: LSR-AUSTRALIA | H8: MILLWARD BROWN AUSTRALIA | I8: RFQMB11227 Refresh Tracking 2011-2012 | J8: 41275 | K8: 263.86286 | L8: AU Kantar
A9: 805 | B9: 2013 | C9: 2 | D9: 93104968 | E9: 9320375 | F9: 932.4 | G9: LSR-AUSTRALIA | H9: MILLWARD BROWN AUSTRALIA | I9: RFQMB11227 Refresh Tracking 2011-2012 | J9: 41306 | K9: 852.48 | L9: AU Kantar
A10: 805 | B10: 2013 | C10: 3 | D10: 93104968 | E10: 9320375 | F10: 1609.5 | G10: LSR-AUSTRALIA | H10: MILLWARD BROWN AUSTRALIA | I10: RFQMB11227 Refresh Tracking 2011-2012 | J10: 41334 | K10: 1471.5429 | L10: AU Kantar
A11: 805 | B11: 2013 | C11: 5 | D11: 93104968 | E11: 9320375 | F11: 1110 | G11: LSR-AUSTRALIA | H11: MILLWARD BROWN AUSTRALIA | I11: RFQMB11227 Refresh Tracking 2011-2012 | J11: 41395 | K11: 1014.8571 | L11: AU Kantar
A12: 805 | B12: 2013 | C12: 1 | D12: 93104998 | E12: 9320375 | F12: 2001.81 | G12: LSR-AUSTRALIA | H12: MILLWARD BROWN AUSTRALIA | I12: RFQMB11222 - Project Bub (KCA Baby Tracker 2012) | J12: 41275 | K12: 1830.2263 | L12: AU Kantar
A13: 805 | B13: 2013 | C13: 2 | D13: 93104998 | E13: 9320002 | F13: 3344.1 | G13: LSR-AUSTRALIA | H13: MILLWARD BROWN AUSTRALIA | I13: RFQMB11222 - Project Bub (KCA Baby Tracker 2012) | J13: 41306 | K13: 3057.4629 | L13: AU Kantar
... A98: 805 | B98: 2013 | C98: 9 | D98: 93106991 | E98: 9320645 | F98: 18741.01 | G98: LSR-RUSSIA | H98: GFK CUSTOM REEARCH KOREA | I98: 174961 - HHP Consumer Journey Study - Kang (RUS) | J98: 41518 | K98: 17134.638 | L98: Korea
A99: 805 | B99: 2014 | C99: 5 | D99: 93110078 | E99: 9320675 | F99: 172.88 | G99: LSR-SOUTH KOREA | H99: TNS KOREA | I99: 220197 - 2013 CCKC Weekly Tracker Wave 3 - Lee (KOR) | J99: 41760 | K99: =Table4[[#This Row],[Reg. CPB incl. Outlays]]*0.9142 -> 158.0469 | L99: Korea
A100: 805 | B100: 2013 | C100: 1 | D100: 93107021 | E100: 9320289 | F100: 1965.7 | G100: LSR-NEW ZEALAND | H100: MILLWARD BROWN AUSTRALIA | I100: 175417 - Project Mouse Tracker 2013 - Mellyza Tanoto (NZL) | J100: 41275 | K100: 1797.2114 | L100: AU Kantar
A101: 805 | B101: 2013 | C101: 2 | D101: 93107021 | E101: 9320289 | F101: 1143.5 | G101: LSR-NEW ZEALAND | H101: MILLWARD BROWN AUSTRALIA | I101: 175417 - Project Mouse Tracker 2013 - Mellyza Tanoto (NZL) | J101: 41306 | K101: 1045.4857 | L101: AU Kantar
A102: 805 | B102: 2013 | C102: 3 | D102: 93107021 | E102: 9320289 | F102: 1230.2 | G102: LSR-NEW ZEALAND | H102: MILLWARD BROWN AUSTRALIA | I102: 175417 - Project Mouse Tracker 2013 - Mellyza Tanoto (NZL) | J102: 41334 | K102: 1124.7543 | L102: AU Kantar
A103: 805 | B103: 2013 | C103: 5 | D103: 93107021 | E103: 9320289 | F103: 1524.89 | G103: LSR-NEW ZEALAND | H103: MILLWARD BROWN AUSTRALIA | I103: 175417 - Project Mouse Tracker 2013 - Mellyza Tanoto (NZL) | J103: 41395 | K103: 1394.1851 | L103: AU Kantar
A104: 805 | B104: 2013 | C104: 6 | D104: 93107021 | E104: 9320289 | F104: 1220 | G104: LSR-NEW ZEALAND | H104: MILLWARD BROWN AUSTRALIA | I104: 175417 - Project Mouse Tracker 2013 - Mellyza Tanoto (NZL) | J104: 41426 | K104: 1115.4286 | L104: AU Kantar
A105: 805 | B105: 2013 | C105: 7 | D105: 93107021 | E105: 9320289 | F105: 1459.7 | G105: LSR-NEW ZEALAND | H105: MILLWARD BROWN AUSTRALIA | I105: 175417 - Project Mouse Tracker 2013 - Mellyza Tanoto (NZL) | J105: 41456 | K105: 1334.5829 | L105: AU Kantar
A106: 805 | B106: 2013 | C106: 9 | D106: 93107021 | E106: 9320289 | F106: 2383.9 | G106: LSR-NEW ZEALAND | H106: MILLWARD BROWN AUSTRALIA | I106: 175417 - Project Mouse Tracker 2013 - Mellyza Tanoto (NZL) | J106: 41518 | K106: 2179.5657 | L106: AU Kantar
A107: 805 | B107: 2013 | C107: 11 | D107: 93107021 | E107: 9320289 | F107: 1332.2 | G107: LSR-NEW ZEALAND | H107: MILLWARD BROWN AUSTRALIA | I107: 175417 - Project Mouse Tracker 2013 - Mellyza Tanoto (NZL) | J107: 41579 | K107: 1218.0114 | L107: AU Kantar
A108: 805 | B108: 2014 | C108: 2 | D108: 93107021 | E108: 9320289 | F108: 1194.5 | G108: LSR-NEW ZEALAND | H108: MILLWARD BROWN AUSTRALIA | I108: 175417 - Project Mouse Tracker 2013 - Mellyza Tanoto (NZL) | J108: 41671 | K108: 1092.1143 | L108: AU Kantar
A109: 805 | B109: 2014 | C109: 4 | D109: 93107021 | E109: 9320289 | F109: 1281.2 | G109: LSR-NEW ZEALAND | H109: MILLWARD BROWN AUSTRALIA | I109: 175417 - Project Mouse Tracker 2013 - Mellyza Tanoto (NZL) | J109: 41730 | K109: 1171.3829 | L109: AU Kantar
A110: 805 | B110: 2013 | C110: 5 | D110: 93107036 | E110: 9320511 | F110: 2021.41 | G110: LSR-TAIWAN | H110: IPSOS K.K. | I110: 175274 - Massstige Concepts study - Nakamura (TWN) | J110: 41395 | K110: 1848.1463 | L110: Japan
A111: 805 | B111: 2013 | C111: 9 | D111: 93107036 | E111: 9320635 | F111: 1461.33 | G111: LSR-TAIWAN | H111: IPSOS K.K. | I111: 175274 - Massstige Concepts study - Nakamura (TWN) | J111: 41518 | K111: 1336.0731 | L111: Japan
... A178: 805 | B178: 2014 | C178: 2 | D178: 93107379 | E178: 9320289 | F178: 2909 | G178: LSR-AUSTRALIA | H178: TNS AUSTRALIA LTD | I178: 179323 - Pizza Hut Tracking - Lucas Wan (AUS) | J178: 41671 | K178: 2659.6571 | L178: AU Kantar
A179: 805 | B179: 2014 | C179: 5 | D179: 93110928 | E179: 9320749 | F179: 623.45 | G179: LSR-SOUTH KOREA | H179: TNS KOREA | I179: 240474 - CCKC weekly tracker 2014 - Lee (KOR) | J179: 41760 | K179: =Table4[[#This Row],[Reg. CPB incl. Outlays]]*0.9142 -> 569.95799 | L179: Korea
A180: 805 | B180: 2013 | C180: 5 | D180: 93107380 | E180: 9320289 | F180: 4272.88 | G180: LSR-NEW ZEALAND | H180: TNS AUSTRALIA LTD | I180: 179323 - Pizza Hut Tracking - Lucas Wan (NZL) | J180: 41395 | K180: 3906.6331 | L180: AU Kantar
A181: 805 | B181: 2013 | C181: 7 | D181: 93107380 | E181: 9320289 | F181: 3897 | G181: LSR-NEW ZEALAND | H181: TNS AUSTRALIA LTD | I181: 179323 - Pizza Hut Tracking - Lucas Wan (NZL) | J181: 41456 | K181: 3562.9714 | L181: AU Kantar
A182: 805 | B182: 2013 | C182: 9 | D182: 93107380 | E182: 9320289 | F182: 7061.66 | G182: LSR-NEW ZEALAND | H182: TNS AUSTRALIA LTD | I182: 179323 - Pizza Hut Tracking - Lucas Wan (NZL) | J182: 41518 | K182: 6456.3749 | L182: AU Kantar
A183: 805 | B183: 2013 | C183: 11 | D183: 93107380 | E183: 9320289 | F183: 3475.84 | G183: LSR-NEW ZEALAND | H183: TNS AUSTRALIA LTD | I183: 179323 - Pizza Hut Tracking - Lucas Wan (NZL) | J183: 41579 | K183: 3177.9109 | L183: AU Kantar
A184: 805 | B184: 2013 | C184: 12 | D184: 93107380 | E184: 9320289 | F184: 3598.19 | G184: LSR-NEW ZEALAND | H184: TNS AUSTRALIA LTD | I184: 179323 - Pizza Hut Tracking - Lucas Wan (NZL) | J184: 41609 | K184: 3289.7737 | L184: AU Kantar
A185: 805 | B185: 2014 | C185: 3 | D185: 93107380 | E185: 9320289 | F185: 3448.31 | G185: LSR-NEW ZEALAND | H185: TNS AUSTRALIA LTD | I185: 179323 - Pizza Hut Tracking - Lucas Wan (NZL) | J185: 41699 | K185: 3152.7406 | L185: AU Kantar
A186: 805 | B186: 2013 | C186: 1 | D186: 93107393 | E186: 9320289 | F186: 1400 | G186: LSR-AUSTRALIA | H186: MILLWARD BROWN AUSTRALIA | I186: 179492 - Project Lozenge - Britt-Marie Malmberg | J186: 41275 | K186: 1280 | L186: AU Kantar
A187: 805 | B187: 2013 | C187: 2 | D187: 93107448 | E187: 9320631 | F187: 5696 | G187: LSR-EGYPT | H187: TAYLOR NELSON SOFRES - KOREA | I187: 179696 - Kbrand 2012 Study - Kim (EGY) | J187: 41306 | K187: 5207.7714 | L187: Korea
A188: 805 | B188: 2013 | C188: 3 | D188: 93107448 | E188: 9320631 | F188: -5696 | G188: LSR-EGYPT | H188: TAYLOR NELSON SOFRES - KOREA | I188: 179696 - Kbrand 2012 Study - Kim (EGY) | J188: 41334 | K188: -5207.7714 | L188: Korea
A189: 805 | B189: 2013 | C189: 1 | D189: 93107452 | E189: 9320009 | F189: 3205.58 | G189: LSR-AUSTRALIA | H189: FORETHOUGH RESEARCH | I189: 179881 - Honda Brand Tracking 2012 - Rohan (AUS) | J189: 41275 | K189: 2930.816 | L189: AU Marcorp
A190: 805 | B190: 2013 | C190: 2 | D190: 93107463 | E190: 9320418 | F190: 5783.14 | G190: LSR-INDIA | H190: TNS AUSTRALIA LTD | I190: 180099 - YouTube Asia - Robbie Gers (IND) | J190: 41306 | K190: 5287.4423 | L190: AU Kantar
A191: 805 | B191: 2013 | C191: 4 | D191: 93107536 | E191: 9320375 | F191: 700.06 | G191: LSR-AUSTRALIA | H191: TNS AUSTRALIA LTD | I191: 180325 - Off Peak - Bishop | J191: 41365 | K191: 640.05486 | L191: AU Kantar
... A534: 805 | B534: 2013 | C534: 8 | D534: 93108968 | E534: 9320456 | F534: 1780.96 | G534: LSR-AUSTRALIA | H534: TNS AUSTRALIA LTD | I534: 197589 - Berocca Tracker 2013 - Anne-Sophie Jeannin | J534: 41487 | K534: 1628.3063 | L534: AU Kantar
A535: 805 | B535: 2014 | C535: 5 | D535: 93111040 | E535: 9320635 | F535: 2043.88 | G535: LSR-SOUTH KOREA | H535: TNS KOREA | I535: 242951 - Imported Beer tracking 2014 - Lee (KOR) | J535: 41760 | K535: =Table4[[#This Row],[Reg. CPB incl. Outlays]]*0.9142 -> 1868.5151 | L535: Korea
A536: 805 | B536: 2013 | C536: 5 | D536: 93108970 | E536: 9320375 | F536: 1556.12 | G536: LSR-NEW ZEALAND | H536: IPSOS NZ | I536: 197594 - Interislander Brand Tracker FEB13 - Vasifdar (NZL) | J536: 41395 | K536: 1422.7383 | L536: AU Marcorp
A537: 805 | B537: 2013 | C537: 5 | D537: 93108972 | E537: 9320289 | F537: 773.75 | G537: LSR-AUSTRALIA | H537: NEWSPOLL | I537: 197599 - Crash Index 2013 - Rachel Roads | J537: 41395 | K537: 707.42857 | L537: AU Kantar
A538: 805 | B538: 2013 | C538: 5 | D538: 93108972 | E538: 9320294 | F538: 2941.26 | G538: LSR-AUSTRALIA | H538: NEWSPOLL | I538: 197599 - Crash Index 2013 - Rachel Roads | J538: 41395 | K538: 2689.152 | L538: AU Kantar
A539: 805 | B539: 2013 | C539: 2 | D539: 93108975 | E539: 9320618 | F539: 912.6 | G539: LSR-NEW ZEALAND | H539: IPSOS NZ | I539: 197815 - ANZ weeks 3 to 6 - Jennens (NZL) | J539: 41306 | K539: 834.37714 | L539: AU Marcorp
A540: 805 | B540: 2013 | C540: 4 | D540: 93108975 | E540: 9320618 | F540: 608.8 | G540: LSR-NEW ZEALAND | H540: IPSOS NZ | I540: 197815 - ANZ weeks 3 to 6 - Jennens (NZL) | J540: 41365 | K540: 556.61714 | L540: AU Marcorp
A541: 805 | B541: 2013 | C541: 4 | D541: 93109005 | E541: 9320289 | F541: 13178.22 | G541: LSR-NEW ZEALAND | H541: TNS AUSTRALIA LTD | I541: 198821 - Google MPJ - Australia New Zealand Singapore - Belinda Jones (NZL) | J541: 41365 | K541: 12048.658 | L541: AU Kantar
A542: 805 | B542: 2013 | C542: 5 | D542: 93109007 | E542: 9320289 | F542: 8638.4 | G542: LSR-AUSTRALIA | H542: MILLWARD BROWN AUSTRALIA | I542: 198817 - Purina Nestle Tracking - Mellyza Tanoto | J542: 41395 | K542: 7897.9657 | L542: AU Kantar
A543: 805 | B543: 2013 | C543: 6 | D543: 93109007 | E543: 9320289 | F543: 2826.4 | G543: LSR-AUSTRALIA | H543: MILLWARD BROWN AUSTRALIA | I543: 198817 - Purina Nestle Tracking - Mellyza Tanoto | J543: 41426 | K543: 2584.1371 | L543: AU Kantar
A544: 805 | B544: 2013 | C544: 7 | D544: 93109007 | E544: 9320289 | F544: 2785.6 | G544: LSR-AUSTRALIA | H544: MILLWARD BROWN AUSTRALIA | I544: 198817 - Purina Nestle Tracking - Mellyza Tanoto | J544: 41456 | K544: 2546.8343 | L544: AU Kantar
A545: 805 | B545: 2013 | C545: 9 | D545: 93109007 | E545: 9320289 | F545: 2833.2 | G545: LSR-AUSTRALIA | H545: MILLWARD BROWN AUSTRALIA | I545: 198817 - Purina Nestle Tracking - Mellyza Tanoto | J545: 41518 | K545: 2590.3543 | L545: AU Kantar
A546: 805 | B546: 2013 | C546: 10 | D546: 93109007 | E546: 9320289 | F546: 2853.6 | G546: LSR-AUSTRALIA | H546: MILLWARD BROWN AUSTRALIA | I546: 198817 - Purina Nestle Tracking - Mellyza Tanoto | J546: 41548 | K546: 2609.0057 | L546: AU Kantar
A547: 805 | B547: 2013 | C547: 11 | D547: 93109007 | E547: 9320289 | F547: 2826.4 | G547: LSR-AUSTRALIA | H547: MILLWARD BROWN AUSTRALIA | I547: 198817 - Purina Nestle Tracking - Mellyza Tanoto | J547: 41579 | K547: 2584.1371 | L547: AU Kantar
... A641: 805 | B641: 2014 | C641: 4 | D641: 93109211 | E641: 9320756 | F641: 4118.1 | G641: LSR-AUSTRALIA | H641: FIFTY-FIVE 5 PTY LTD | I641: 201688 - Lion Tracker 2013 - Kemp (AUS) | J641: 41730 | K641: 3765.12 | L641: AU Marcorp
A642: 805 | B642: 2014 | C642: 5 | D642: 93111135 | E642: 9320436 | F642: -586.43 | G642: LSR-FRANCE | H642: GFK CUSTOM RESEARCH KOREA | I642: 242549 - Smartphone campaign - Kang (FRA) | J642: 41760 | K642: =Table4[[#This Row],[Reg. CPB incl. Outlays]]*0.9142 -> -536.11431 | L642: Korea
A643: 805 | B643: 2014 | C643: 5 | D643: 93111135 | E643: 9320632 | F643: 989.48 | G643: LSR-FRANCE | H643: GFK CUSTOM RESEARCH KOREA | I643: 242549 - Smartphone campaign - Kang (FRA) | J643: 41760 | K643: =Table4[[#This Row],[Reg. CPB incl. Outlays]]*0.9142 -> 904.58262 | L643: Korea
A644: 805 | B644: 2013 | C644: 5 | D644: 93109224 | E644: 9320587 | F644: 700.94 | G644: LSR-THAILAND | H644: IPSOS K.K. | I644: 197613 - Prestige Skincare study - Nakamura (THA) | J644: 41395 | K644: 640.85943 | L644: Japan
A645: 805 | B645: 2013 | C645: 5 | D645: 93109225 | E645: 9320289 | F645: 400 | G645: LSR-USA | H645: TNS AUSTRALIA LTD | I645: 201872 - US - Max Freire | J645: 41395 | K645: 365.71429 | L645: AU Kantar
A646: 805 | B646: 2013 | C646: 7 | D646: 93109226 | E646: 9320492 | F646: 822.16 | G646: LSR-AUSTRALIA | H646: MACQUARIE UNIVERSITY | I646: 201875 - Indo India Tourism Study - Nugraha (AUS) | J646: 41456 | K646: 751.68914 | L646: AU Marcorp
A647: 805 | B647: 2013 | C647: 5 | D647: 93109227 | E647: 9320587 | F647: 1417.69 | G647: LSR-MALAYSIA | H647: MACROMILL, INC | I647: 194507 - Travel study in Malaysia - Ohara (MYS) | J647: 41395 | K647: 1296.1737 | L647: Japan
A648: 805 | B648: 2013 | C648: 8 | D648: 93109228 | E648: 9320749 | F648: 468.16 | G648: LSR-SOUTH KOREA | H648: TNS KOREA | I648: 201730 - Nutrilite W1 study - Lee (KOR) | J648: 41487 | K648: 428.032 | L648: Korea
A649: 805 | B649: 2013 | C649: 5 | D649: 93109232 | E649: 9320528 | F649: 469.86 | G649: LSR-JAPAN | H649: KANTAR JAPAN | I649: 201686 - Loreal link test - Kishinobu (JPN) | J649: 41395 | K649: 429.58629 | L649: Japan
A650: 805 | B650: 2013 | C650: 5 | D650: 93109239 | E650: 9320289 | F650: 9525 | G650: LSR-NEW ZEALAND | H650: BRAND CAPITAL INTERNATIONAL PTY LTD | I650: 202459 - Brand Capital Monitor 2013 - Hill (NZL) | J650: 41395 | K650: 8708.5714 | L650: AU Marcorp
A651: 805 | B651: 2013 | C651: 8 | D651: 93109240 | E651: 9320009 | F651: 1190.72 | G651: LSR-AUSTRALIA | H651: LEWERS RESEARCH PTY LTD | I651: 202461 - CUB week 81 84 - Carlski (AUS) | J651: 41487 | K651: 1088.6583 | L651: AU Marcorp
A652: 805 | B652: 2013 | C652: 6 | D652: 93109241 | E652: 9320489 | F652: 871.42 | G652: LSR-POLAND | H652: TAYLOR NELSON SOFRES - KOREA | I652: 202104 - Main BAS Poland study - Kim (POL) | J652: 41426 | K652: 796.72686 | L652: Korea
A653: 805 | B653: 2013 | C653: 6 | D653: 93109241 | E653: 9320730 | F653: 4890.64 | G653: LSR-POLAND | H653: TAYLOR NELSON SOFRES - KOREA | I653: 202104 - Main BAS Poland study - Kim (POL) | J653: 41426 | K653: 4471.4423 | L653: Korea
A654: 805 | B654: 2013 | C654: 5 | D654: 93109247 | E654: 9320009 | F654: 4297.89 | G654: LSR-AUSTRALIA | H654: FIFTY-FIVE 5 PTY LTD | I654: 200494 - Digicon - Fowler (AUS) | J654: 41395 | K654: 3929.4994 | L654: AU Marcorp
A655: 805 | B655: 2013 | C655: 5 | D655: 93109251 | E655: 9320375 | F655: 1000 | G655: LSR-AUSTRALIA | H655: ZENITH OPTIMEDIA AUSTRALIA | I655: 202679 - Beer TVC - Howard (AUS) | J655: 41395 | K655: 914.28571 | L655: AU Marcorp
... A834: 805 | B834: 2014 | C834: 4 | D834: 93109813 | E834: 9320375 | F834: 1015 | G834: LSR-AUSTRALIA | H834: MILLWARD BROWN AUSTRALIA | I834: 214630 - Suncorp Group Brand Market Monitor Project 2013-14 - Britt-Marie Malmberg | J834: 41730 | K834: 928 | L834: AU Kantar
A835: 805 | B835: 2014 | C835: 5 | D835: 93111181 | E835: 9320632 | F835: 34924.68 | G835: LSR-UNITED KINGDOM | H835: IPSOS KOREA INC | I835: 243991 - Car Tracking Study 2014 Wave 9 - Pak (GBR) | J835: 41760 | K835: =Table4[[#This Row],[Reg. CPB incl. Outlays]]*0.9142 -> 31928.142 | L835: Korea
A836: 805 | B836: 2013 | C836: 7 | D836: 93109819 | E836: 9320289 | F836: 5483 | G836: LSR-AUSTRALIA | H836: MILLWARD BROWN AUSTRALIA | I836: 212706 - Project Extra - Carlie Briscoe | J836: 41456 | K836: 5013.0286 | L836: AU Kantar
A837: 805 | B837: 2013 | C837: 8 | D837: 93109819 | E837: 9320294 | F837: 3047.4 | G837: LSR-AUSTRALIA | H837: MILLWARD BROWN AUSTRALIA | I837: 212706 - Project Extra - Carlie Briscoe | J837: 41487 | K837: 2786.1943 | L837: AU Kantar
A838: 805 | B838: 2013 | C838: 8 | D838: 93109819 | E838: 9320375 | F838: 3262.5 | G838: LSR-AUSTRALIA | H838: MILLWARD BROWN AUSTRALIA | I838: 212706 - Project Extra - Carlie Briscoe | J838: 41487 | K838: 2982.8571 | L838: AU Kantar
A839: 805 | B839: 2014 | C839: 5 | D839: 93111183 | E839: 9320622 | F839: 2641.09 | G839: LSR-CANADA | H839: IPSOS KOREA INC | I839: 243991 - Car Tracking Study 2014 Wave 9 - Pak (CAN) | J839: 41760 | K839: =Table4[[#This Row],[Reg. CPB incl. Outlays]]*0.9142 -> 2414.4845 | L839: Korea
A840: 805 | B840: 2013 | C840: 10 | D840: 93109826 | E840: 9320587 | F840: 1839.98 | G840: LSR-MALAYSIA | H840: GFK AUSTRALIA PTY LTD. | I840: 214656 - Jackman 2013-2014 - Vermaas (MYS) | J840: 41548 | K840: 1682.2674 | L840: AU Marcorp
A841: 805 | B841: 2013 | C841: 12 | D841: 93109826 | E841: 9320587 | F841: 549.5 | G841: LSR-MALAYSIA | H841: GFK AUSTRALIA PTY LTD. | I841: 214656 - Jackman 2013-2014 - Vermaas (MYS) | J841: 41609 | K841: 502.4 | L841: AU Marcorp
A842: 805 | B842: 2014 | C842: 2 | D842: 93109826 | E842: 9320587 | F842: 571.57 | G842: LSR-MALAYSIA | H842: GFK AUSTRALIA PTY LTD. | I842: 214656 - Jackman 2013-2014 - Vermaas (MYS) | J842: 41671 | K842: 522.57829 | L842: AU Marcorp
A843: 805 | B843: 2014 | C843: 3 | D843: 93109826 | E843: 9320587 | F843: 1568.3 | G843: LSR-MALAYSIA | H843: GFK AUSTRALIA PTY LTD. | I843: 214656 - Jackman 2013-2014 - Vermaas (MYS) | J843: 41699 | K843: 1433.8743 | L843: AU Marcorp
A844: 805 | B844: 2014 | C844: 5 | D844: 93111186 | E844: 9320566 | F844: 1513.5 | G844: LSR-CHINA | H844: IPSOS KOREA INC | I844: 243991 - Car Tracking Study 2014 Wave 9 - Pak (CHN) | J844: 41760 | K844: =Table4[[#This Row],[Reg. CPB incl. Outlays]]*0.9142 -> 1383.6417 | L844: Korea
A845: 805 | B845: 2014 | C845: 5 | D845: 93111187 | E845: 9320509 | F845: 19942.89 | G845: LSR-AUSTRALIA | H845: IPSOS KOREA INC | I845: 243991 - Car Tracking Study 2014 Wave 9 - Pak (AUS) | J845: 41760 | K845: =Table4[[#This Row],[Reg. CPB incl. Outlays]]*0.9142 -> 18231.79 | L845: Korea
A846: 805 | B846: 2013 | C846: 9 | D846: 93109832 | E846: 9320635 | F846: 1145.62 | G846: LSR-SOUTH KOREA | H846: GFK AUSTRALIA PTY LTD. | I846: 214656 - Jackman 2013-2014 - Vermaas (KOR) | J846: 41518 | K846: 1047.424 | L846: AU Marcorp
A847: 805 | B847: 2013 | C847: 10 | D847: 93109832 | E847: 9320635 | F847: 540.86 | G847: LSR-SOUTH KOREA | H847: GFK AUSTRALIA PTY LTD. | I847: 214656 - Jackman 2013-2014 - Vermaas (KOR) | J847: 41548 | K847: 494.50057 | L847: AU Marcorp
A848: 805 | B848: 2013 | C848: 11 | D848: 93109832 | E848: 9320635 | F848: 438.55 | G848: LSR-SOUTH KOREA | H848: GFK AUSTRALIA PTY LTD. | I848: 214656 - Jackman 2013-2014 - Vermaas (KOR) | J848: 41579 | K848: 400.96 | L848: AU Marcorp
A849: 805 | B849: 2013 | C849: 12 | D849: 93109832 | E849: 9320635 | F849: 456.09 | G849: LSR-SOUTH KOREA | H849: GFK AUSTRALIA PTY LTD. | I849: 214656 - Jackman 2013-2014 - Vermaas (KOR) | J849: 41609 | K849: 416.99657 | L849: AU Marcorp
A850: 805 | B850: 2014 | C850: 1 | D850: 93109832 | E850: 9320635 | F850: 464.9 | G850: LSR-SOUTH KOREA | H850: GFK AUSTRALIA PTY LTD. | I850: 214656 - Jackman 2013-2014 - Vermaas (KOR) | J850: 41640 | K850: 425.05143 | L850: AU Marcorp
A851: 805 | B851: 2014 | C851: 2 | D851: 93109832 | E851: 9320635 | F851: 708.75 | G851: LSR-SOUTH KOREA | H851: GFK AUSTRALIA PTY LTD. | I851: 214656 - Jackman 2013-2014 - Vermaas (KOR) | J851: 41671 | K851: 648 | L851: AU Marcorp
A852: 805 | B852: 2014 | C852: 3 | D852: 93109832 | E852: 9320635 | F852: 336.07 | G852: LSR-SOUTH KOREA | H852: GFK AUSTRALIA PTY LTD. | I852: 214656 - Jackman 2013-2014 - Vermaas (KOR) | J852: 41699 | K852: 307.264 | L852: AU Marcorp
A853: 805 | B853: 2014 | C853: 5 | D853: 93111219 | E853: 9320489 | F853: 1744.61 | G853: LSR-FRANCE | H853: IMRB MILLWARD BROWN INTERNATIONAL PTE LTD | I853: 246278 - Premium WM link - abhinay (FRA) | J853: 41760 | K853: =Table4[[#This Row],[Reg. CPB incl. Outlays]]*0.9142 -> 1594.9225 | L853: Korea
A854: 805 | B854: 2013 | C854: 8 | D854: 93109833 | E854: 9320587 | F854: 718.47 | G854: LSR-INDONESIA | H854: GFK AUSTRALIA PTY LTD. | I854: 214656 - Jackman 2013-2014 - Vermaas (IDN) | J854: 41487 | K854: 656.88686 | L854: AU Marcorp
A855: 805 | B855: 2013 | C855: 10 | D855: 93109833 | E855: 9320587 | F855: 1416.94 | G855: LSR-INDONESIA | H855: GFK AUSTRALIA PTY LTD. | I855: 214656 - Jackman 2013-2014 - Vermaas (IDN) | J855: 41548 | K855: 1295.488 | L855: AU Marcorp
A856: 805 | B856: 2013 | C856: 12 | D856: 93109833 | E856: 9320587 | F856: 1434.21 | G856: LSR-INDONESIA | H856: GFK AUSTRALIA PTY LTD. | I856: 214656 - Jackman 2013-2014 - Vermaas (IDN) | J856: 41609 | K856: 1311.2777 | L856: AU Marcorp
A857: 805 | B857: 2014 | C857: 2 | D857: 93109833 | E857: 9320587 | F857: 571.57 | G857: LSR-INDONESIA | H857: GFK AUSTRALIA PTY LTD. | I857: 214656 - Jackman 2013-2014 - Vermaas (IDN) | J857: 41671 | K857: 522.57829 | L857: AU Marcorp
A858: 805 | B858: 2014 | C858: 3 | D858: 93109833 | E858: 9320587 | F858: 1662.41 | G858: LSR-INDONESIA | H858: GFK AUSTRALIA PTY LTD. | I858: 214656 - Jackman 2013-2014 - Vermaas (IDN) | J858: 41699 | K858: 1519.9177 | L858: AU Marcorp
A859: 805 | B859: 2013 | C859: 9 | D859: 93109834 | E859: 9320289 | F859: 602 | G859: LSR-NEW ZEALAND | H859: GFK AUSTRALIA PTY LTD. | I859: 214656 - Jackman 2013-2014 - Vermaas (NZL) | J859: 41518 | K859: 550.4 | L859: AU Marcorp
A860: 805 | B860: 2013 | C860: 12 | D860: 93109834 | E860: 9320289 | F860: 1414 | G860: LSR-NEW ZEALAND | H860: GFK AUSTRALIA PTY LTD. | I860: 214656 - Jackman 2013-2014 - Vermaas (NZL) | J860: 41609 | K860: 1292.8 | L860: AU Marcorp
A861: 805 | B861: 2014 | C861: 3 | D861: 93109834 | E861: 9320618 | F861: 842.5 | G861: LSR-NEW ZEALAND | H861: GFK AUSTRALIA PTY LTD. | I861: 214656 - Jackman 2013-2014 - Vermaas (NZL) | J861: 41699 | K861: 770.28571 | L861: AU Marcorp
A862: 805 | B862: 2014 | C862: 4 | D862: 93109834 | E862: 9320618 | F862: 650 | G862: LSR-NEW ZEALAND | H862: GFK AUSTRALIA PTY LTD. | I862: 214656 - Jackman 2013-2014 - Vermaas (NZL) | J862: 41730 | K862: 594.28571 | L862: AU Marcorp
A863: 805 | B863: 2014 | C863: 5 | D863: 93111518 | E863: 9320730 | F863: 971.63 | G863: LSR-POLAND | H863: TAYLOR NELSON SOFRES KOREA | I863: 251632 - 201403 Main BAS Poland 1H - Kim (POL) | J863: 41760 | K863: =Table4[[#This Row],[Reg. CPB incl. Outlays]]*0.9142 -> 888.26415 | L863: Korea
...

Sheet PP Analysis (Budgeted Spend)
A1: Date | B1: 14.05.2014
A2: Time | B2: 12:29:21AM
A3: Company No. | B3: 93, 145, 121, 113
A4: Job Group | B4: LSR - CHARGEABLE CLIENT JOBS
A5: Task | B5: 805
A6: Report Name | B6: A__::UA::JOBENTRIESVIEW
A7: User name | B7: ARTHUR XENAKIS
A8: Report Title | B8: Job Entries
A11: Task | B11: Client Name | C11: Job No. | D11: Budg. CPB incl. Outlays
A12: 805 | B12: 08 HUNDRED LLP | C12: 145101539 | D12: 0 | F12: Row Labels | G12: Sum of Budg. CPB incl. Outlays
A13: 805 | B13: 08 HUNDRED LLP | C13: 93106107 | D13: 0 | F13: 93100004 | G13: 0
A14: 805 | B14: 2CV LIMITED | C14: 145100430 | D14: 0 | F14: 93100005 | G14: 0
A15: 805 | B15: 2CV LIMITED | C15: 145100432 | D15: 0 | F15: 93100011 | G15: 0
A16: 805 | B16: 2CV LIMITED | C16: 145100433 | D16: 0 | F16: 93100012 | G16: 0
A17: 805 | B17: 2CV LIMITED | C17: 145102016 | D17: 375 | F17: 93100013 | G17: 70350
A18: 805 | B18: 2CV LIMITED | C18: 145102056 | D18: 1076.4 | F18: 93100014 | G18: 153750
A19: 805 | B19: 2CV LIMITED | C19: 93106153 | D19: 0 | F19: 93100015 | G19: 0
A20: 805 | B20: 2CV LIMITED | C20: 93106154 | D20: 0 | F20: 93100017 | G20: 13300
A21: 805 | B21: A.MENARINI ASIA-PACIFIC PTE.LTD | C21: 145100757 | D21: 0 | F21: 93100020 | G21: 11500
A22: 805 | B22: A.MENARINI ASIA-PACIFIC PTE.LTD | C22: 145100769 | D22: 0 | F22: 93100021 | G22: 17730
A23: 805 | B23: ABN IMPACT HK LIMITED | C23: 113104910 | D23: 7814 | F23: 93100022 | G23: 0
A24: 805 | B24: ABN RESEARCH | C24: 93105797 | D24: 0 | F24: 93100024 | G24: 0
... A5094: 805 | B5094: Zenith Optimedia Singapore | C5094: 93100261 | D5094: 0 | F5094: 145102111 | G5094: 304
F5095: 145102115 | G5095: 1995.15
F5096: Grand Total | G5096: 56068244

Sheet Mobile Projects
A1: Studies Commissioned | B1: Annual Target
A2: 30 | B2: 50
